 Dungeon Crawl Stone Soup version 0.26-a0-547-g695e311587 (webtiles) character file.

Game seed: 17291894345949804193

27576 Aksej the Cleaver (level 13, -3/98 HPs)
             Began as a Demonspawn Gladiator on Aug 20, 2020.
             Was the Champion of Qazlal.
             Slain by a tentacled starspawn (5 damage)
             ... on level 2 of the Abyss.
             The game lasted 00:43:08 (14669 turns).

Aksej the Cleaver (Demonspawn Gladiator)           Turns: 14669, Time: 00:43:09

Health: -3/98      AC: 16    Str: 17    XL:     13   Next: 5%
Magic:  0/23       EV: 18    Int:  8    God:    Qazlal [******]
Gold:   687        SH: 27    Dex: 19    Spells: 24/25 levels left

rFire    + . .     SeeInvis .   a - +0 broad axe
rCold    + . .     Faith    .   f - +3 kite shield
rNeg     . . .     Spirit   +   p - +2 leather armour {rPois}
rPois    +         Reflect  +   (helmet restricted)
rElec    +         Harm     .   d - +2 cloak
rCorr    +                      (gloves unavailable)
MR       .....                  z - +2 pair of boots
Stlth    +.........             B - amulet of reflection
HPRegen  0.00/turn              x - +4 ring of evasion
MPRegen  0.36/turn              t - ring of resist corrosion

@: resistant, protected from physical damage, non-regenerating, badly diseased,
repel missiles
A: claws 3, horns 1, icy blue scales 1, demonic guardian 2, dopey 1, strong 1,
magic shield, magic regeneration
a: Upheaval, Elemental Force, Disaster Area, Renounce Religion


You were on level 2 of the Abyss.
You worshipped Qazlal.
Qazlal was exalted by your worship.
You visited 2 branches of the dungeon, and saw 15 of its levels.
You visited the Abyss 1 time.

You collected 1119 gold pieces.
You spent 432 gold pieces at shops.

Inventory:

Hand Weapons
 a - a +0 broad axe (weapon)
 b - a +3 flail of freezing
Missiles
 A - 4 javelins (quivered)
 I - 7 boomerangs
Armour
 d - a +2 cloak (worn)
 f - a +3 kite shield (worn)
 p - a +2 leather armour of poison resistance (worn)
 z - a +2 pair of boots (worn)
Jewellery
 c - an uncursed ring of ice {unknown}
 t - a ring of resist corrosion (right claw)
 w - an uncursed ring of magical power {unknown}
 x - a +4 ring of evasion (left claw)
 B - an amulet of reflection (around neck)
 K - an uncursed amulet of regeneration {unknown}
Wands
 g - a wand of polymorph (6)
 k - a wand of paralysis (7)
 o - a wand of digging (3)
 r - a wand of disintegration (8)
 y - a wand of enslavement (11)
 C - a wand of flame (15)
 D - a wand of acid (14)
 H - a wand of iceblast (11)
Scrolls
 h - 7 scrolls of amnesia
 i - 7 scrolls of enchant weapon
 j - 4 scrolls of magic mapping
 l - 10 scrolls of remove curse
 m - 13 scrolls of teleportation
 u - a scroll of fear
 E - a scroll of fog
Potions
 e - 7 potions of curing
 n - 4 potions of brilliance
 s - a potion of stabbing
 v - a potion of haste
 F - 2 potions of lignification
 G - 2 potions of flight
 J - a potion of magic


   Skills:
 * Level 7.9 Fighting
 * Level 12.6 Axes
 + Level 0.2(8.2) Maces & Flails
 + Level 3.5 Throwing
 + Level 3.6 Armour
 + Level 5.6 Dodging
 + Level 6.5 Shields
 * Level 6.7 Spellcasting
 * Level 6.6 Necromancy
 * Level 6.5 Invocations
 * Level 4.9 Evocations


You had 24 spell levels left.
You knew the following spells:

 Your Spells              Type           Power        Failure   Level
a - Animate Skeleton      Necr           ##....       5%          1

Your spell library contained the following spells:

 Spells                   Type           Power        Failure   Level
 Apportation              Tloc           #.....       61%         1
 Beastly Appendage        Tmut           #.....       61%         1
 Corona                   Hex            #......      61%         1
 Summon Small Mammal      Summ           #...         61%         1
 Wereblood                Tmut           #.......     75%         2
 Spider Form              Tmut/Pois      #.........   93%         3
 Ice Form                 Ice/Tmut       #.......     100%        4
 Blade Hands              Tmut           #.........   100%        5


Dungeon Overview and Level Annotations

Branches:
Dungeon (14/15)            Temple (1/1) D:4            Lair (0/6) D:9
    Orc (0/2) D:11
 Vaults: D:13-14

Altars:
Ashenzari
Dithmenos
Elyvilon
Fedhas
Gozag
Hepliaklqana
Kikubaaqudgha
Makhleb
Okawaru
Qazlal
Ru
Sif Muna
Trog
Uskayaw
Wu Jian
Yredelemnul
Zin
The Shining One
Beogh

Shops:
D:5 ?(?   D:6 :   D:10 *

Portals:
Trove: D:10 (give +4 storm dragon scales)

Annotations:
D:4 1 runed translucent door, Phong's ghost, amateur HaAK
D:9 3 runed translucent doors, Vaurghye's ghost, journeyman HaHu


Innate Abilities, Weirdness & Mutations

You have claws for hands.
You are partially covered in icy blue scales. (AC +2)
A demonic guardian rushes to your aid.
When hurt, damage is shared between your health and your magic reserves.
You regenerate magic rapidly.
You have a pair of small horns on your head.
You are dopey. (Int -2)
Your muscles are strong. (Str +2)


Message History

You hit the tentacled starspawn but do no damage.
The tentacled starspawn is heavily damaged.
You barely miss the ancient zyme. You hit the starspawn tentacle.
You hear a croak.
You block the ancient zyme's attack. The ancient zyme closely misses you.
You feel ill.
You block the tentacled starspawn's attack.
The tentacled starspawn engulfs you!
* * * LOW HITPOINT WARNING * * *
You feel more protected from physical attacks.
The starspawn tentacle is engulfed in blazing flames.
The starspawn tentacle completely misses you.
Your orange demon stings the tentacled starspawn but does no damage.
You hit the tentacled starspawn but do no damage.
You headbutt the tentacled starspawn.
The tentacled starspawn is severely damaged.
You hit the starspawn tentacle but do no damage.
You barely miss the ancient zyme. You block the ancient zyme's attack. x2
The tentacled starspawn bites you!
You die...

#. .#....... #
#. ..... .).# ..
.......##.## #.#
#.
.....#...###...#
...
#.FwΛ....#.....
#..
##.│\│.........
. ..#..wΛXΛF.#
... #.
....#Xxw## ...#
# ......##@##
#.# ...
....#.4.# #. .#
. .#...☼..○.#...
. (###.........
. ...
#........#.. . #
......#...###...
# . ._....##.##
#.# .. . ......
...# ...


You could see 2 tentacled starspawn, an ancient zyme, 2 blink frogs, 3 starspawn
tentacles and a friendly orange demon (summoned).

Vanquished Creatures
  A hydra (D:14)
  A death knight (D:13)
  A centaur warrior (D:14)
  A tengu warrior (D:14)
  The ghost of drasked the Destroyer, a novice DECj of Vehumet (D:12)
  2 unseen horrors (D:12)
  An orc knight (D:11)
  3 cyclopes
  A worldbinder (Abyss:2)
  A centaur zombie (D:13)
  Maurice (D:12)
  A freezing wraith (D:12)
  A kobold demonologist (D:14)
  An ancient zyme (Abyss:2)
  3 large abominations (Abyss:2)
  3 hippogriffs
  3 ynoxinuls (Abyss:2)
  A shadow (D:12)
  6 wraiths
  5 yaks
  3 humans (D:14)
  18 ice beasts
  2 eyes of draining
  2 sky beasts (D:11)
  8 ogres
  4 orc warriors
  3 black bears
  A phantom (D:10)
  5 centaurs
  A crocodile (D:14)
  A big kobold (D:9)
  6 bullfrogs
  A wyvern zombie (D:10)
  A small abomination (Abyss:2)
  A scorpion (D:9)
  A water moccasin skeleton (D:10)
  4 killer bees (D:12)
  A troll zombie (D:11)
  10 wights
  3 howler monkeys
  3 electric eels
  2 quasits
  5 starcursed masses (Abyss:2)
  3 human zombies (D:11)
  4 jellies
  A bullfrog zombie (D:8)
  10 hounds
  10 orc priests
  5 orc wizards
  An iron imp (Abyss:2)
  3 bullfrog skeletons
  5 centaur skeletons
  3 human skeletons (D:11)
  5 iguanas
  5 worker ants
  A hound zombie (D:5)
  2 hound skeletons (D:4)
  A howler monkey zombie (D:6)
  13 gnolls
  12 adders
  A howler monkey skeleton (D:5)
  A shadow imp (D:7)
  3 white imps
  5 ufetubi
  7 oozes
  An adder zombie (D:6)
  An adder skeleton (D:5)
  3 worms
  2 dart slugs
  5 leopard geckos
  47 orcs
  2 ball pythons
  7 bats
  9 giant cockroaches
  6 goblins
  14 hobgoblins
  8 jackals
  12 kobolds
  7 quokkas
  3 frilled lizards
  3 leopard gecko skeletons (D:4)
  2 quokka skeletons
  5 rats
  A bush (D:5)
  3 plants (D:9)
  4 toadstools (D:1)
370 creatures vanquished.

Vanquished Creatures (collateral kills)
  A hydra (D:11)
  The ghost of Qaduej the Polluter, a novice DrVM of Vehumet (D:10)
  Urug (D:10)
  A fire crab (shapeshifter) (D:13)
  A deep troll (shapeshifter) (Abyss:2)
  An ugly thing (D:11)
  The ghost of Askman the Slicer, a novice GrMo (D:7)
  A centaur zombie (D:12)
  2 centaur skeletons
  A komodo dragon (D:9)
  A freezing wraith (D:12)
  2 trolls
  A hippogriff (D:13)
  3 starcursed masses (Abyss:2)
  8 wraiths
  A vampire (D:11)
  A ynoxinul (Abyss:2)
  9 yaks
  3 large abominations (Abyss:2)
  A chaos spawn (Abyss:2)
  3 humans (D:14)
  2 steam dragons
  An acid dragon (D:11)
  A water moccasin (D:5)
  4 ice beasts
  A phantom (D:5)
  A black bear (D:11)
  2 orc warriors (D:11)
  An ogre (D:4)
  2 centaurs (D:5)
  A big kobold (D:13)
  2 small abominations (Abyss:2)
  A scorpion (D:10)
  3 wights (D:10)
  2 hounds
  An orc wizard (D:3)
  2 worker ants
  A worker ant zombie (D:11)
  2 gnolls (D:5)
  An adder (D:12)
  A white imp (Abyss:2)
  2 orcs
  A kobold (D:13)
  A plant (D:9)
80 creatures vanquished.

Vanquished Creatures (others)
  Sonja (D:10)
  An orc wizard (D:12)
  An adder (D:12)
  A lurking horror (Abyss:2)
  3 plants (D:9)
  3 starspawn tentacles (Abyss:2)
10 creatures vanquished.

Grand Total: 460 creatures vanquished

Notes
Turn   | Place    | Note
-------+----------+-------------------------------------------
     0 | D:1      | Aksej the Demonspawn Gladiator began the quest for the Orb.
     0 | D:1      | Reached XP level 1. HP: 16/16 MP: 1/1
   426 | D:1      | Gained mutation: You are partially covered in icy blue
                  | scales. (AC +2) [demonic ancestry]
   426 | D:1      | Reached XP level 2. HP: 22/22 MP: 2/2
   555 | D:1      | Reached skill level 3 in Axes
   850 | D:1      | Gained mutation: Your muscles are strong. (Str +2) [potion
                  | of mutation]
   850 | D:1      | Gained mutation: You are dopey. (Int -2) [potion of
                  | mutation]
   850 | D:1      | Gained mutation: You have a pair of small horns on your
                  | head. [potion of mutation]
  1009 | D:2      | Reached XP level 3. HP: 28/28 MP: 3/3
  1019 | D:2      | Found a shadowy altar of Dithmenos.
  1766 | D:3      | Gained mutation: A weak demonic guardian rushes to your
                  | aid. [demonic ancestry]
  1766 | D:3      | Reached XP level 4. HP: 34/34 MP: 4/4
  2050 | D:3      | Reached skill level 4 in Axes
  2050 | D:3      | Reached skill level 1 in Armour
  2653 | D:4      | Gained mutation: When hurt, damage is shared between your
                  | health and your magic reserves. [demonic ancestry]
  2653 | D:4      | Reached XP level 5. HP: 38/39 MP: 5/5
  2995 | D:4      | Reached skill level 1 in Spellcasting
  3095 | D:4      | Found a staircase to the Ecumenical Temple.
  3106 | D:4      | Gained mutation: A demonic guardian rushes to your aid.
                  | [demonic ancestry]
  3106 | D:4      | Reached XP level 6. HP: 33/47 MP: 3/7
  3110 | Temple   | Entered the Ecumenical Temple
  3339 | Temple   | Became a worshipper of Qazlal Stormbringer
  3464 | D:4      | Reached skill level 5 in Axes
  3674 | D:4      | Found a runed translucent door.
  3678 | D:4      | Noticed Phong's ghost (amateur HaAK)
  4074 | D:5      | Entered Level 5 of the Dungeon
  4164 | D:5      | Gained mutation: You have sharp fingernails. [demonic
                  | ancestry]
  4164 | D:5      | Reached XP level 7. HP: 52/52 MP: 9/9
  4190 | D:5      | Reached skill level 1 in Shields
  4193 | D:5      | Reached * piety under Qazlal
  4193 | D:5      | Reached skill level 6 in Axes
  4347 | D:5      | Found Avousy Zuto's Magic Scroll Shop.
  4373 | D:5      | Bought a scroll of identify for 22 gold pieces
  4373 | D:5      | Bought a scroll of teleportation for 33 gold pieces
  4373 | D:5      | Bought a scroll of identify for 22 gold pieces
  4373 | D:5      | Bought a scroll of remove curse for 33 gold pieces
  4428 | D:5      | Found a blossoming altar of Fedhas.
  4922 | D:5      | Found Zeahaoh's Antique Weapon Emporium.
  5085 | D:5      | Found Cedanif's Magic Scroll Emporium.
  5093 | D:5      | Gained mutation: You regenerate magic rapidly. [demonic
                  | ancestry]
  5093 | D:5      | Reached XP level 8. HP: 60/60 MP: 11/11
  5117 | D:5      | Bought a scroll of enchant armour for 90 gold pieces
  5117 | D:5      | Bought a scroll of remove curse for 36 gold pieces
  5117 | D:5      | Bought a scroll of remove curse for 36 gold pieces
  5117 | D:5      | Bought a scroll of remove curse for 36 gold pieces
  5117 | D:5      | Bought a scroll of teleportation for 36 gold pieces
  5117 | D:5      | Bought a scroll of teleportation for 36 gold pieces
  5531 | D:6      | Reached skill level 7 in Axes
  5953 | D:6      | Reached ** piety under Qazlal
  6202 | D:6      | Found Eforosta's Book Emporium.
  6329 | D:7      | Found a runed translucent door.
  6330 | D:7      | Noticed Askman's ghost (novice GrMo)
  6330 | D:7      | Noticed a troll
  6405 | D:7      | You fall into a shaft and drop 3 floors!
  6405 | D:10     | Entered Level 10 of the Dungeon
  6410 | D:10     | Noticed Urug
  6420 | D:10     | Killed Urug
  6420 | D:10     | Reached skill level 8 in Axes
  6420 | D:10     | Gained mutation: You have very sharp fingernails. [demonic
                  | ancestry]
  6420 | D:10     | Reached XP level 9. HP: 41/67 MP: 5/14
  6424 | D:10     | Reached skill level 5 in Fighting
  6432 | D:10     | Reached skill level 9 in Axes
  6755 | D:10     | Found Aqey's Mayhem Merchandise.
  6763 | D:10     | Bought a +0 broad axe for 52 gold pieces
  6792 | D:10     | Found a portal to a secret trove of treasure.
  7118 | D:9      | Reached *** piety under Qazlal
  7169 | D:9      | Learned a level 1 spell: Animate Skeleton
  7323 | D:9      | Reached skill level 1 in Evocations
  7323 | D:9      | Gained mutation: You have claws for hands. [demonic
                  | ancestry]
  7323 | D:9      | Reached XP level 10. HP: 76/76 MP: 16/16
  7337 | D:8      | Reached skill level 1 in Invocations
  7868 | D:7      | Reached skill level 1 in Necromancy
  8189 | D:7      | Reached **** piety under Qazlal
  8189 | D:7      | Reached skill level 10 in Axes
  8789 | D:7      | Killed Askman's ghost
  9144 | D:9      | Reached skill level 5 in Spellcasting
  9195 | D:9      | Found a staircase to the Lair.
  9280 | D:9      | Found a runed translucent gate.
  9280 | D:9      | Found a runed translucent gate.
  9280 | D:9      | Noticed a nine-headed hydra
  9281 | D:9      | Found a runed translucent gate.
  9281 | D:9      | Noticed Vaurghye's ghost (journeyman HaHu)
  9592 | D:10     | Noticed Sonja
  9606 | D:10     | Killed Sonja
  9713 | D:10     | Found a runed translucent gate.
  9713 | D:10     | Found a runed translucent gate.
  9713 | D:10     | Found a runed translucent gate.
  9714 | D:10     | Noticed Qaduej's ghost (novice DrVM)
  9936 | D:10     | Killed Qaduej's ghost
  9936 | D:10     | Reached XP level 11. HP: 59/83 MP: 14/18
 10075 | D:11     | Noticed a purple ugly thing
 10082 | D:11     | Killed a purple ugly thing
 10086 | D:11     | Reached ***** piety under Qazlal
 10087 | D:11     | Noticed a seven-headed hydra
 10433 | D:11     | HP: 3/83 [something/vampiric draining (5)]
 10958 | D:11     | Reached skill level 5 in Shields
 11043 | D:11     | Found a roughly hewn altar of Beogh.
 11043 | D:11     | Noticed an orc knight
 11044 | D:11     | Found a staircase to the Orcish Mines.
 11057 | D:11     | Killed an orc knight
 11057 | D:11     | Reached skill level 11 in Axes
 11480 | D:11     | Found a basalt altar of Yredelemnul.
 11751 | D:11     | Killed a seven-headed hydra
 12513 | D:12     | Found a runed translucent gate.
 12513 | D:12     | Found a runed translucent gate.
 12513 | D:12     | Found a runed translucent gate.
 12514 | D:12     | Noticed drasked's ghost (novice DECj)
 12521 | D:12     | Noticed Maurice
 12554 | D:12     | Killed Maurice
 12775 | D:12     | Killed an unseen horror
 13039 | D:12     | Killed an unseen horror
 13040 | D:12     | Reached skill level 5 in Dodging
 13142 | D:12     | Reached skill level 5 in Necromancy
 13145 | D:12     | Reached XP level 12. HP: 88/91 MP: 20/20
 13473 | D:12     | Killed drasked's ghost
 13475 | D:12     | Reached skill level 5 in Invocations
 13615 | D:13     | Found a stormy altar of Qazlal.
 13841 | D:13     | Noticed a death knight
 13849 | D:13     | Killed a death knight
 13852 | D:13     | Reached ****** piety under Qazlal
 13927 | D:13     | Reached skill level 12 in Axes
 14431 | D:14     | Noticed a six-headed hydra
 14431 | D:14     | Noticed a centaur warrior
 14435 | D:14     | Killed a centaur warrior
 14441 | D:14     | Killed a six-headed hydra
 14458 | D:14     | Noticed a tengu warrior
 14466 | D:14     | Killed a tengu warrior
 14494 | D:14     | Noticed a vault guard
 14496 | D:14     | Cast into level 2 of the Abyss (a wizard)
 14499 | Abyss:2  | Found a corrupted altar of Lugonu.
 14537 | Abyss:2  | Found a corrupted altar of Lugonu.
 14568 | Abyss:2  | Noticed a starcursed mass
 14575 | Abyss:2  | Paralysed by accursed screaming for 1 turns
 14579 | Abyss:2  | Paralysed by accursed screaming for 1 turns
 14635 | Abyss:2  | Reached XP level 13. HP: 35/98 MP: 22/22
 14651 | Abyss:2  | Noticed a tentacled starspawn
 14655 | Abyss:2  | Noticed a tentacled starspawn
 14668 | Abyss:2  | HP: 2/98 [tentacled starspawn (3)]
 14669 | Abyss:2  | Slain by a tentacled starspawn

Illustrated notes

Levels and vault maps discovered:
D:1:      ldierk_water_garden, layout_basic
D:2:      layout_basic, grunt_dithmenos_smoke
D:3:      minmay_general_purpose_star, layout_basic
D:4:      layout_loops_ring, minmay_temple_entry_large_hall,
          ebering_ghost_sewer_d
D:5:      layout_gridville, serial_shops, shop_coins, shop,
          kennysheep_little_box, fedhas_bush_and_centaur_altar
D:6:      layout_gridville, serial_shops, nicolae_shop_waterfront, minivault_25
D:7:      layout_loops_ring, ebering_ghost_inner_flame, chequers_arboretum,
          kennysheep_boxes
D:8:      layout_loops_ring, hangedman_little_slice_of_home
D:9:      layout_roguey, david_lair_shrubbed, gammafunk_ghost_hydra_chop
D:10:     layout_small_grid, enter_trove_3, gammafunk_ghost_spectres,
          minmay_shop_mayhem, uniq_urug, uniq_sonja
D:11:     minmay_ice_pillars, layout_rooms, david_orc_5, minivault_4,
          lemuel_mausoleum_altar_yredelemnul
D:12:     layout_roguey, gammafunk_ghost_spectres, uniq_maurice
D:13:     layout_loops_corners, basic_altar
D:14:     layout_irregular_city, grunt_vaults_entry_tiered, kennysheep_path_1,
          serial_shops, shop, minmay_misc_feat_room, uniq_josephine, uniq_kirke,
          uniq_louise
Temple:   roderic_octagonal_lattice_temple
Abyss:2:  base: D:12, base: D:6, base:
D:12

Skill      XL: |  1  2  3  4  5  6  7  8  9 10 11 12 |
---------------+-------------------------------------+-----
Dodging        | 3 4 5 |  5.6
Axes           | 3 4 5 6 8 9 10 11 12 | 12.6
Armour         | 1 2 3 |  3.6
Spellcasting   | 1 2 3 4 5 6 |  6.7
Fighting       | 3 4 5 6 7 |  7.9
Shields        | 1 3 4 5 6 |  6.5
Throwing       | 2 3 |  3.5
Evocations     | 1 2 3 4 |  4.9
Invocations    | 3 4 6 |  6.5
Necromancy     | 2 5 6 |  6.6
Maces & Flails | |  0.2

Action                   |  1- 3 |  4- 6 |  7- 9 | 10-12 | 13-15 || total
-------------------------+-------+-------+-------+-------+-------++-------
Melee: War axe           |   100 |   147 |   203 |       |       ||   450
       Headbutt          |     8 |    24 |    68 |   190 |     8 ||   298
       Broad axe         |       |       |    60 |   684 |    20 ||   764
       Flail             |       |       |       |     8 |       ||     8
Throw: Throwing net      |       |     2 |     6 |       |       ||     8
       Javelin           |       |       |     3 |    37 |       ||    40
       Boomerang         |       |       |       |    65 |       ||    65
  Use: Scroll            |     7 |     2 |     9 |     9 |       ||    27
       Potion            |     7 |     1 |     3 |     7 |     1 ||    19
 Stab: Sleeping          |       |     1 |       |       |       ||     1
       Distracted        |       |       |     1 |     1 |     2 ||     4
Armor: Leather armour    |    24 |    20 |    52 |   122 |     3 ||   221
       Ring mail         |     6 |    32 |       |       |       ||    38
Dodge: Dodged            |    61 |    44 |   147 |   265 |    10 ||   527
       Repelled          |       |       |       |     3 |       ||     3
Block: Kite shield       |    30 |    77 |   243 |   710 |    42 ||  1102
       Reflection        |       |       |     5 |    21 |       ||    26

Table legend: (Time is in decaauts)
 A = Elapsed time spent in this place.
 B = Non-inter-level travel time spent in this place.
 C = Inter-level travel time spent in this place.
 D = Time resting spent in this place.
 E = Time spent auto-exploring this place.
 F = Levels seen in this place.
 G = Mean time per level.
                   A        B        C        D        E       F      G
               +--------+--------+--------+--------+--------+-----+--------+
         Total |  14971 |  14478 |    493 |    610 |  10819 |  16 |  935.7 |
       Dungeon |  14545 |  14072 |    473 |    610 |  10600 |  14 | 1038.9 |
        Temple |    250 |    230 |     20 |      0 |    219 |   1 |  250.0 |
         Abyss |    175 |    175 |      0 |      0 |      0 |   1 |  175.0 |
               +--------+--------+--------+--------+--------+-----+--------+

Top non-repeatable levels by time:
    D:10: 1826 daAuts
    D:11: 1489 daAuts
    D:12: 1465 daAuts
     D:5: 1396 daAuts
     D:4: 1214 daAuts
     D:7: 1097 daAuts
     D:3: 905 daAuts
     D:1: 902 daAuts
     D:2: 874 daAuts
    D:13: 863 daAuts
     D:6: 858 daAuts
     D:9: 824 daAuts
     D:8: 754 daAuts
  Temple: 250 daAuts
 Abyss:2: 175 daAuts
